 Dungeon Crawl Stone Soup version 0.29.0-4-gdea44cf6ec (webtiles) character file.

Game seed: 6264513981416684388

14 qw the Sneak (level 2, -6/19 HPs)
             Began as a Gargoyle Delver on Sept 10, 2022.
             Killed from afar by an orc wizard (7 damage)
             ... with a puff of flame
             ... on level 5 of the Dungeon.
             The game lasted 00:00:08 (494 turns).

qw the Sneak (Gargoyle Delver)                       Turns: 494, Time: 00:00:08

Health: -6/19      AC:  5    Str: 15    XL:     2   Next: 41%
Magic:  2/2        EV: 11    Int: 10    God:
Gold:   4          SH:  0    Dex: 11    Spells: 1/1 levels left

rFire   . . .      SeeInvis .   a - +0 hand axe
rCold   . . .      Faith    .   (no shield)
rNeg    + . .      Spirit   .   b - +0 leather armour
rPois   inf        Reflect  .   (no helmet)
rElec   +          Harm     .   (no cloak)
rCorr   .          Rampage  .   (no gloves)
Will    .....                   (no boots)
Stlth   +++.......              (no amulet)
HPRegen 0.06/turn               (no ring)
MPRegen 0.08/turn               (no ring)

@: no status effects
A: sickness immunity, AC +2, negative energy resistance 1, electricity
resistance, torment resistance 1, petrification resistance
a: no special abilities


You were on level 5 of the Dungeon.
You visited 1 branch of the dungeon, and saw 1 of its levels.

You collected 4 gold pieces.


Innate Abilities, Weirdness & Mutations

You are immune to sickness and miasma.
Your stone body is resilient. (AC +2)
You are immune to poison.
You resist negative energy. (rN+)
You are resistant to electric shocks. (rElec)
You are resistant to unholy torment.
You are immune to petrification.


   Skills:
 - Level 3.2 Fighting
 + Level 2.7 Axes
 - Level 1.5 Dodging
 - Level 5.4 Stealth


You had one spell level left.
You didn't know any spells.
Your spell library was empty.

Inventory:

Hand Weapons
 a - a +0 hand axe (weapon)
Armour
 b - a +0 leather armour (worn)
Wands
 g - a wand of digging (3)
Scrolls
 c - a scroll of fog
 d - a scroll of magic mapping
 e - a scroll of fear
 h - a scroll of immolation {unknown}
 i - a scroll of vulnerability {unknown}
Potions
 f - a potion of haste

Dungeon Overview and Level Annotations

Branches:
Dungeon (5/15)
 Temple: D:4-7

Altars:

Portals:
Ossuary: D:5


Message History

You hit the orc.
You kill the orc!
You hit the orc.
You kill the orc!
A magic dart appears from out of thin air!
The magic dart hits you.
The orc shouts!
Things that are here:
a +0 club; a +0 leather armour; a +0 club You barely miss the orc.
You barely miss something. You miss something.
Something hits you but does no damage.
You barely miss something. Something hits you but does no damage.
You hit something. Something hits you.
You hear some strange, mumbled words.
Something tries to affect you, but you resist.
You hit something but do no damage. Something hits you.
You hit something. Something hits you.
You barely miss something. Something hits you.
You closely miss something. Something hits you.
You closely miss something.
You hear some strange, mumbled words.
A magic dart appears from out of thin air!
The magic dart hits you. Something hits you.
You miss something.
You hear some strange, mumbled words.
A magic dart appears from out of thin air!
The magic dart hits you.
You hit something.
You hear some strange, mumbled words.
A puff of flame appears from out of thin air!
The puff of flame hits you!
You die...

###...#
#.........#.......
......######
#########.########
###.#......## #.#
###.####..# #.#
#.# ##.## #.#
#.#####..#######
#.#
#.....)........#
#.#
###########.##.###
#.# #.......@{o..#
#.#####.##..## #.#
..... #.# #.####
#.# .# #.. .. ###
o# .o


You could see an orc.

Vanquished Creatures
  An adder (D:5)
  2 orcs (D:5)
  A jackal zombie (D:5)
4 creatures vanquished.

Notes
Turn   | Place    | Note
-------+----------+-------------------------------------------
     0 | D:5      | qw the Gargoyle Delver began the quest for the Orb.
     0 | D:5      | Reached XP level 1. HP: 14/14 MP: 1/1
     0 | D:5      | 0 ||| qw: Version: 0.1-a-116-g5d60599
     0 | D:5      | 0 ||| qw: Game counter: 8180
     0 | D:5      | 0 ||| qw: Always use a shield: true
     0 | D:5      | 0 ||| qw: God list: Okawaru
     0 | D:5      | 0 ||| qw: Allow faded altars: false
     0 | D:5      | 0 ||| qw: Do Orc after D:15 true
     0 | D:5      | 0 ||| qw: Do second Lair branch before Depths: true
     0 | D:5      | 0 ||| qw: Lair rune preference: random
     0 | D:5      | 0 ||| qw: Plans: Normal
     0 | D:5      | 0 ||| PLANNING D:1-11
    68 | D:5      | HP: 3/14 [adder (3)]
    70 | D:5      | Reached XP level 2. HP: 5/19 MP: 2/2
   436 | D:5      | Found a sand-covered staircase.
   468 | D:5      | 468 ||| Stepping ~*~*~tactically~*~*~ (stealth).
   470 | D:5      | 470 ||| Stepping ~*~*~tactically~*~*~ (hiding).
   479 | D:5      | 479 ||| Stepping ~*~*~tactically~*~*~ (stealth).
   492 | D:5      | HP: 2/19 [something (4)]
   494 | D:5      | Killed from afar by an orc wizard

Levels and vault maps discovered:
D:5:      layout_basic, enter_ossuary_3, serial_shops, kennysheep_little_box

Skill      XL: |  1 |
---------------+----+-----
Axes           | 2 |  2.7
Fighting       | |  3.2
Dodging        | |  1.5
Stealth        | |  5.4

Action                   || total
-------------------------++-------
Melee: Hand axe          ||    40
Armor: Leather armour    ||    12
Dodge: Dodged            ||    18

Table legend:
 A = Non-vault XP
 B = Vault XP
 C = Vault XP percentage of total XP
 D = Non-vault monster count
 E = Vault monster count
 F = Vault count percentage of total count
                 A         B        C        D         E       F
            +---------+---------+-------+---------+---------+-------
      Total |      19 |       1 |   5.0 |       3 |       1 |  25.0
            +---------+---------+-------+---------+---------+-------
        D:5 |      19 |       1 |   5.0 |       3 |       1 |  25.0
            +---------+---------+-------+---------+---------+-------
